 Dungeon Crawl Stone Soup version 0.23.0 (webtiles) character file.

Game seed: 2192224296222699547

12602 Flugkiller the Slicer (level 12, -8/75 (79) HPs)
             Began as a Kobold Abyssal Knight on Feb 17, 2019.
             Was a High Priest of Lugonu.
             Succumbed to a death drake's foul vapour
             ... in a Gauntlet.
             The game lasted 00:24:25 (16189 turns).

Flugkiller the Slicer (Kobold Abyssal Knight)      Turns: 16189, Time: 00:24:25

HP:   -8/75 (79)    AC: 13    Str:  9    XL:     12   Next: 22%
MP:   20/28         EV: 15    Int: 14    God:    Lugonu [*****.]
Gold: 704           SH:  6    Dex: 19    Spells: 11/11 levels left

rFire    + + .     SeeInvis .   D - +4 rapier
rCold    + . .     Gourm    .   Q - +0 buckler
rNeg     . . .     Faith    .   w - +0 scale mail
rPois    +         Spirit   +   (no helmet)
rElec    +         Reflect  .   L - +0 cloak
rCorr    +         Harm     .   g - +2 pair of gloves
MR       .....     NoTele   +   G - +2 pair of boots
Stlth    ..........             J - amulet of guardian spirit
HPRegen  0.22/turn              O - ring of protection from fire
MPRegen  0.21/turn              o - ring of magical power

@: lethally poisoned (-8 -> -83), resistant, slowed, invisible, very slow
A: small, carnivore
a: Depart the Abyss, Bend Space, Banish, Corrupt, Enter the Abyss, Renounce
Religion


You were in a Gauntlet.
You worshipped Lugonu.
Lugonu was extremely pleased with you.
You were very full.

You visited 2 branches of the dungeon, and saw 12 of its levels.
You visited the Abyss 1 time.
You also visited: Gauntlet.

You collected 704 gold pieces.

Inventory:

Hand Weapons
 a - a +1 dagger of venom
   (You took it off an orc wizard on level 3 of the Dungeon)
 b - a +1 short sword of electrocution
   (You took it off a kobold on level 2 of the Dungeon)
 D - a +4 rapier (weapon)
   (You found it on level 8 of the Dungeon)
Missiles
 j - 2 throwing nets (quivered)
Armour
 g - a +2 pair of gloves (worn)
   (You found it on level 1 of the Dungeon)
 v - a +0 leather armour
 w - a +0 scale mail (worn)
   (You found it on level 2 of the Dungeon)
 G - a +2 pair of boots (worn)
   (You found it on level 1 of the Lair of Beasts)
 L - a +0 cloak (worn)
   (You found it on level 1 of the Lair of Beasts)
 Q - a +0 buckler (worn)
   (You took it off a gnoll sergeant on level 9 of the Dungeon)
Jewellery
 k - an uncursed amulet of rage
   (You found it on level 1 of the Dungeon)
 o - a ring of magical power (right hand)
   (You found it on level 1 of the Dungeon)
 q - a +6 ring of intelligence
   (You found it on level 2 of the Dungeon)
 A - an uncursed ring of see invisible
   (You found it on level 6 of the Dungeon)
 J - an amulet of guardian spirit (around neck)
   (You found it on level 9 of the Dungeon)
 O - a ring of protection from fire (left hand)
   (You found it on level 10 of the Dungeon)
Wands
 r - a wand of flame (23)
   (You took it off a kobold on level 6 of the Dungeon)
 u - a wand of random effects (20)
   (You found it on level 2 of the Dungeon)
 E - a wand of iceblast (10)
   (You found it on level 7 of the Dungeon)
 K - a wand of clouds (5)
   (You found it on level 9 of the Dungeon)
 R - a wand of acid (2)
   (You found it on level 1 of the Lair of Beasts)
Scrolls
 e - 2 scrolls of fog
 h - 5 scrolls of teleportation
 i - a scroll of random uselessness {unknown}
 m - 8 scrolls of remove curse {@r2}
 n - 4 scrolls of blinking
 F - 2 scrolls of enchant weapon
 I - a scroll of vulnerability {unknown}
 M - a scroll of brand weapon {unknown}
 P - a scroll of acquirement {unknown}
 S - a scroll of noise {unknown}
 U - a scroll of immolation
Potions
 d - 2 potions of flight
 f - 4 potions of agility {@q5}
 p - 2 potions of magic
 t - a potion of mutation
 x - 2 potions of ambrosia
 z - 2 potions of might
 B - a potion of brilliance {unknown}
 C - a potion of haste {unknown}
 H - a potion of resistance
Miscellaneous
 y - a phantom mirror
Comestibles
 c - 19 rations {@e1}


   Skills:
 + Level 10.6 Fighting
 + Level 12.7 Short Blades
   Level 3.0 Maces & Flails
 - Level 0.7 Armour
 - Level 9.0 Dodging
 + Level 2.9 Shields
 + Level 10.6 Invocations


You had 11 spell levels left.
You didn't know any spells.
Your spell library contained the following spells:

 Spells                   Type           Power        Failure   Level  Hunger
 Beastly Appendage        Tmut           #.....       97%         1    ##.....
 Confusing Touch          Hex            #.....       97%         1    ##.....
 Corona                   Hex            #......      97%         1    ##.....
 Ensorcelled Hibernation  Hex/Ice        #.....       99%         2    ###....
 Sticks to Snakes         Tmut           #.......     99%         2    ###....
 Confuse                  Hex            #.......     100%        3    ####...
 Dazzling Spray           Conj/Hex       #.....       100%        3    ####...
 Gell's Gravitas          Tloc           #.........   100%        3    ####...
 Spider Form              Tmut/Pois      #.........   100%        3    ####...
 Tukima's Dance           Hex            #.......     100%        3    ####...
 Ice Form                 Ice/Tmut       #.......     100%        4    #####..
 Petrify                  Tmut/Erth      #.......     100%        4    #####..
 Blade Hands              Tmut           #.........   100%        5    ######.
 Metabolic Englaciation   Hex/Ice        #.........   100%        5    ######.
 Yara's Violent Unravell  Hex/Tmut       #.........   100%        5    ######.


Dungeon Overview and Level Annotations

Branches:
Dungeon (10/15)            Temple (0/1) D:5            Lair (2/6) D:10
  Snake (0/4) Lair:2          Orc (0/2) D:10
  Swamp: Lair:2-4    Shoals: Lair:2-4

Altars:
Ashenzari
Cheibriados
Dithmenos
Gozag
Kikubaaqudgha
Makhleb
Nemelex Xobeh
Ru
Sif Muna
Trog
Uskayaw
Vehumet
Zin

Shops:
D:8 !

Annotations:
D:4 2 transporters
D:5 2 transporters Gauntlet 9 transporters, exclusion: 2 lightning spires


Innate Abilities, Weirdness & Mutations

You are small and have problems with some larger weapons.
You are carnivorous and can eat meat at any time.


Message History

The death drake is severely wounded.
You feel extremely sick. The death drake closely misses you.
The centaur warrior zombie hits you but does no damage.
The death drake barely misses you. The centaur warrior zombie misses you.
Unknown command.
You puncture the death drake!
The death drake is almost dead.
* * * LOW HITPOINT WARNING * * *
You feel very sick. You block the death drake's attack.
The centaur warrior zombie hits you but does no damage.
Evoke which item? (* to show all) (? for menu, Esc to quit)
Aiming: Corrosive Bolt
Press: ? - help, Shift-Dir - straight line, f/p - death drake
Aim: a death drake (foul pestilence, almost dead, catching its breath, covered in acid)
The bolt of acid misses the death drake.
The bolt of acid hits the centaur warrior zombie!
The centaur warrior zombie is splashed with acid.
The acid corrodes the centaur warrior zombie!
The centaur warrior zombie is severely damaged.
* * * LOW HITPOINT WARNING * * *
You feel extremely sick.
The death drake bites you but does no damage.
The centaur warrior zombie hits you. The death drake breathes miasma at you.
The foul vapour engulfs you!
You are more poisoned.
You feel your flesh rotting away!
* * * LOW HITPOINT WARNING * * *
You block the centaur warrior zombie's attack.
Unknown command.
* * * LOW HITPOINT WARNING * * *
You feel extremely sick.
The death drake bites you but does no damage.
The centaur warrior zombie barely misses you.
The death drake closely misses you.
The centaur warrior zombie completely misses you.
Okay, then.
Okay, then.
Okay, then.
You feel protected.
* * * LOW HITPOINT WARNING * * *
You feel extremely sick. You block the death drake's attack.
The centaur warrior zombie closely misses you.
You block the death drake's attack.
The centaur warrior zombie hits you but does no damage.
It was a potion of invisibility.
You fade into invisibility!
You die...

#################################
.................................
.................................
#######...###########...#########
......#.8.#.........#.8.##555####
....#.#...#.##...##.#...#5#.P#pp#
#.##..#####.#.#.#.#=#####.##.##55
#.##..#...#..##Z##.=#...##.#..###
.©.#.©#©.©#..#.°@#.©#©.©###.#.##.
#.##..#...#..##k##.!#...#..#.#.#P
#.##..#####.#.#Z#.#.######.#5#.##
....#.#...#.##.°.##.#...#.#.P#...
......#...#....☼....#...#.P###.#.
#######...###########.§.#########
........≈.....".......≈.§........
.......≈8≈...........§8≈§........
........≈.............≈§.........


You could see a death drake and 2 centaur warrior zombies.

Vanquished Creatures
  A two-headed ogre (D:10)
  Joseph (D:8)
  2 black mambas
  A centaur skeleton (D:10)
  2 komodo dragons (Lair:1)
  3 hornets
  11 blink frogs
  A hippogriff (D:8)
  12 yaks
  Menkaure (D:7)
  A hungry ghost (D:9)
  A water moccasin (D:8)
  A porcupine (Lair:2)
  Duvessa (D:5)
  3 orc warriors
  An ice beast (D:6)
  4 sky beasts
  A phantom (D:5)
  2 black bears
  6 ogres
  A necrophage (D:8)
  4 centaurs
  A crocodile (Lair:1)
  4 bullfrogs
  3 big kobolds
  A gnoll sergeant (D:9)
  Dowan (D:5)
  2 scorpions
  3 howler monkeys
  13 crimson imps
  A centaur zombie (D:3)
  2 bullfrog zombies (D:5)
  11 orc wizards
  3 orc priests
  A bullfrog skeleton (D:6)
  3 hounds
  7 jellies
  Terence (D:2)
  2 iguanas (D:7)
  11 worker ants
  A hound skeleton (D:4)
  A howler monkey zombie (D:5)
  6 gnolls
  7 adders
  A shadow imp (D:9)
  A white imp (D:9)
  7 oozes
  An adder skeleton (D:5)
  4 worms
  A dart slug (D:5)
  4 leopard geckos
  39 orcs
  6 giant cockroaches
  9 goblins
  6 hobgoblins
  17 jackals
  2 quokkas
  5 ball pythons
  A ball python skeleton (D:5)
  A ball python zombie (D:5)
  12 bats
  4 frilled lizards
  A giant cockroach zombie (D:5)
  A jackal zombie (D:5)
  23 kobolds
  8 rats
300 creatures vanquished.

Vanquished Creatures (others)
  2 spiny frogs (Lair:1)
  A blink frog (Lair:1)
  A fungus (Gauntlet)
  2 plants (Gauntlet)
6 creatures vanquished.

Grand Total: 306 creatures vanquished

Notes
Turn   | Place    | Note
-------+----------+-------------------------------------------
     0 | Abyss:1  | Flugkiller the Kobold Abyssal Knight began the quest for
                  | the Orb.
     0 | Abyss:1  | Reached XP level 1. HP: 14/14 MP: 2/2
    16 | D:1      | Escaped the Abyss
   250 | D:1      | Reached XP level 2. HP: 19/19 MP: 3/3
   548 | D:1      | Reached XP level 3. HP: 24/24 MP: 4/4
   620 | D:1      | Reached ** piety under Lugonu
  1158 | D:2      | Reached XP level 4. HP: 29/29 MP: 5/5
  1525 | D:2      | Found an opulent altar of Gozag.
  1915 | D:3      | Noticed Terence
  1940 | D:2      | Killed Terence
  1940 | D:2      | Reached skill level 1 in Short Blades
  1940 | D:2      | Reached XP level 5. HP: 22/34 MP: 6/6
  2074 | D:3      | Found a snail-covered altar of Cheibriados.
  2112 | D:3      | Noticed a centaur
  2128 | D:3      | Killed a centaur
  2128 | D:3      | Reached skill level 5 in Fighting
  2128 | D:3      | Reached skill level 3 in Short Blades
  2128 | D:3      | Reached XP level 6. HP: 27/40 MP: 7/7
  2326 | D:3      | Noticed an orc warrior
  2596 | D:3      | Reached *** piety under Lugonu
  2687 | D:3      | Killed an orc warrior
  2687 | D:3      | Reached skill level 4 in Short Blades
  3438 | D:3      | Reached XP level 7. HP: 46/46 MP: 8/8
  4093 | D:4      | Reached skill level 5 in Short Blades
  4469 | D:4      | Found a shattered altar of Ashenzari.
  4531 | D:4      | Found a glowing silver altar of Zin.
  4594 | D:4      | Found a hide-covered altar of Uskayaw.
  4601 | D:4      | Found a radiant altar of Vehumet.
  4644 | D:4      | Found a shadowy altar of Dithmenos.
  4734 | D:4      | Found a transporter.
  4740 | D:4      | Found a transporter.
  4856 | D:5      | Entered Level 5 of the Dungeon
  4950 | D:5      | Found a transporter.
  5109 | D:5      | Reached XP level 8. HP: 51/52 MP: 10/10
  5177 | D:5      | Reached skill level 6 in Short Blades
  5303 | D:5      | Found a transporter.
  5304 | D:5      | Noticed Duvessa
  5304 | D:5      | Noticed Dowan
  5350 | D:5      | Killed Duvessa
  5359 | D:5      | Killed Dowan
  5443 | D:5      | Found a deep blue altar of Sif Muna.
  5485 | D:5      | Found a staircase to the Ecumenical Temple.
  5591 | D:5      | Reached **** piety under Lugonu
  5681 | D:5      | Reached skill level 7 in Short Blades
  5681 | D:5      | Reached skill level 5 in Invocations
  5924 | D:6      | Reached XP level 9. HP: 50/59 MP: 13/13
  6129 | D:6      | Reached skill level 8 in Short Blades
  6714 | D:6      | Reached skill level 5 in Dodging
  7080 | D:7      | Noticed Menkaure
  7281 | D:7      | Killed Menkaure
  7770 | D:7      | Found an ancient bone altar of Kikubaaqudgha.
  7800 | D:7      | Reached ***** piety under Lugonu
  7838 | D:7      | Found a burning altar of Makhleb.
  7871 | D:7      | Reached skill level 9 in Short Blades
  8228 | D:7      | Reached XP level 10. HP: 44/64 MP: 15/15
  8573 | D:7      | Found a sacrificial altar of Ru.
  8711 | D:8      | Found Kumerghu's Distillery.
  9255 | D:8      | Found a bloodstained altar of Trog.
  9311 | D:8      | Noticed Joseph
  9331 | D:8      | Killed Joseph
  9798 | D:8      | Reached skill level 10 in Short Blades
  9840 | D:8      | Found a sparkling altar of Nemelex Xobeh.
 11798 | D:10     | Entered Level 10 of the Dungeon
 11832 | D:10     | Found a staircase to the Lair.
 11956 | D:10     | Reached XP level 11. HP: 68/69 MP: 17/17
 12041 | D:10     | Noticed a two-headed ogre
 12100 | D:10     | Killed a two-headed ogre
 12100 | D:10     | Reached skill level 11 in Short Blades
 12274 | D:10     | Found a staircase to the Orcish Mines.
 12416 | Lair:1   | Entered Level 1 of the Lair of Beasts
 13902 | Lair:1   | Reached skill level 10 in Fighting
 13902 | Lair:1   | Reached skill level 12 in Short Blades
 14015 | Lair:1   | Reached skill level 10 in Invocations
 14047 | Lair:1   | Reached skill level 1 in Shields
 14867 | Lair:1   | Reached XP level 12. HP: 21/78 MP: 9/19
 15605 | Lair:2   | Found a gate leading to a gauntlet.
 15613 | Gauntlet | Entered a Gauntlet
 15613 | Gauntlet | Found a transporter.
 15613 | Gauntlet | Found a transporter.
 15630 | Gauntlet | Found a transporter.
 15634 | Gauntlet | Found a transporter.
 15644 | Gauntlet | Found a transporter.
 15648 | Gauntlet | Found a transporter.
 15656 | Gauntlet | Noticed a death ooze
 15658 | Gauntlet | Found a transporter.
 15677 | Gauntlet | Noticed a wizard
 15677 | Gauntlet | Noticed a wizard
 15680 | Gauntlet | Found a transporter.
 15697 | Gauntlet | Found a transporter.
 15701 | Gauntlet | Found a transporter.
 15702 | Gauntlet | Noticed a death drake
 15713 | Gauntlet | Found a transporter.
 15715 | Gauntlet | Found a transporter.
 16188 | Gauntlet | HP: 1/75 [poisoned by a death drake (foul vapour)]
 16189 | Gauntlet | Succumbed to a death drake's foul vapour

Skill      XL: |  1  2  3  4  5  6  7  8  9 10 11 |
---------------+----------------------------------+-----
Maces & Flails | 2 3 |  3.0
Fighting       | 4 5 6 7 8 10 | 10.6
Short Blades   | 1 3 4 5 7 9 10 12 | 12.7
Invocations    | 3 5 6 8 10 | 10.6
Dodging        | 6 9 |  9.0
Shields        | 2 |  2.9
Armour         | |  0.7

Action                   |  1- 3 |  4- 6 |  7- 9 | 10-12 || total
-------------------------+-------+-------+-------+-------++-------
Melee: Mace              |   102 |    44 |       |       ||   146
       Short sword       |       |   111 |   193 |   271 ||   575
       Dagger            |       |       |   298 |   469 ||   767
       Rapier            |       |       |       |     5 ||     5
Invok: Banish            |       |       |       |     5 ||     5
 Abil: Evoke Berserk Rag |       |     1 |       |       ||     1
Evoke: Wand              |       |     1 |       |    11 ||    12
  Use: Potion            |       |     4 |     2 |     4 ||    10
       Scroll            |       |     7 |     5 |     8 ||    20
 Stab: Sleeping          |     1 |     1 |       |       ||     2
  Eat: Chunk             |     7 |     9 |    17 |    32 ||    65
Armor: Leather armour    |    34 |    19 |       |       ||    53
       Scale mail        |       |    58 |   152 |   138 ||   348
Dodge: Dodged            |    98 |   133 |   238 |   352 ||   821
Block: Buckler           |       |       |       |    30 ||    30
